 Dungeon Crawl Stone Soup version 0.22.0-5-gf09313c (webtiles) character file.

39 inmateoo the Vexing (level 3, 0/24 HPs)
             Began as a Vampire Enchanter on Aug 13, 2018.
             Succumbed to an adder's poison
             ... on level 1 of the Dungeon.
             The game lasted 00:02:30 (2378 turns).

inmateoo the Vexing (Vampire Enchanter)             Turns: 2378, Time: 00:02:31

Health: 0/24       AC:  2    Str:  7    XL:     3   Next: 26%
Magic:  0/6        EV: 13    Int: 23    God:
Gold:   51         SH:  0    Dex: 14    Spells: 3/6 levels left

rFire    . . .     SeeInvis +   a - +1 dagger
rCold    . . .     Gourm    .   (no shield)
rNeg     + . .     Faith    .   b - +0 robe
rPois    .         Spirit   .   (no helmet)
rElec    .         Reflect  .   (no cloak)
rCorr    .         Harm     .   (no gloves)
MR       .....                  (no boots)
Stlth    +++.......             (no amulet)
HPRegen  0.08/turn              (no ring)
MPRegen  0.10/turn              (no ring)

@: brilliant, lethally poisoned (0 -> -12)
A: fangs 3, see invisible, unbreathing
a: Bat Form


You were on level 1 of the Dungeon.
You were not thirsty.

You visited 1 branch of the dungeon, and saw 2 of its levels.

You collected 51 gold pieces.

Inventory:

Hand Weapons
 a - a +1 dagger (weapon)
Missiles
 c - a throwing net (quivered)
Armour
 b - a +0 robe (worn)
Scrolls
 f - a scroll of identify {unknown}
 g - 2 scrolls of enchant armour {unknown}
 h - a scroll of remove curse {unknown}
Potions
 d - 2 potions of blood


   Skills:
 - Level 1.3 Short Blades
 - Level 2.3 Dodging
 + Level 5.1 Stealth
 - Level 2.1 Spellcasting
 * Level 5.6 Hexes


You had 3 spell levels left.
You knew the following spells:

 Your Spells              Type           Power        Failure   Level  Hunger
a - Corona                Hex            #####..      1%          1    #......
b - Ensorcelled Hibernat  Hex/Ice        ####..       1%          2    ##.....

Your spell library contained the following spells:

 Spells                   Type           Power        Failure   Level  Hunger
 Confuse                  Hex            #####...     1%          3    ###....
 Tukima's Dance           Hex            #####...     1%          3    ###....
 Dazzling Spray           Conj/Hex       ####..       1%          3    ###....


Dungeon Overview and Level Annotations

Branches:
Dungeon (2/15)

Altars:

Annotations:
D:2 Robin


Innate Abilities, Weirdness & Mutations

You have razor-sharp teeth.
You have supernaturally acute eyesight. (SInv)
You can survive without breathing.


Message History

You are lethally poisoned!
The adder poisons you!
You hit the adder. Your bite misses the adder.
The adder is moderately wounded.
* * * LOW HITPOINT WARNING * * *
You feel sick. The adder bites you.
* * * LOW HITPOINT WARNING * * *
You hit the adder. Your bite misses the adder.
The adder is heavily wounded.
The adder closely misses you.
You barely miss the adder.
The adder is heavily wounded.
* * * LOW HITPOINT WARNING * * *
You feel sick. The adder bites you.
* * * LOW HITPOINT WARNING * * *
You are more poisoned.
The adder poisons you!
You closely miss the adder.
The adder is heavily wounded.
You die...

.# #.#[#..#......#..# .#
#.#...........#..# .#
#.###............# .#
#####.###....##...).####
.#
#.....##..........#....#
.#
#.....##..#..###......##
.#
#.....##..#...##..#.###
## #(....##..##..##.##.#
# #.....##.....@##)####
# #.....+.....(.S.)#
####.....##.........#
....................#
....................#
............#########
##..........#
##..........#
##..........#


You could see an adder.

Vanquished Creatures
  An adder (D:2)
  A leopard gecko (D:1)
  A bat (D:1)
  A giant cockroach (D:1)
  4 hobgoblins
  4 jackals (D:1)
  A kobold (D:2)
  A frilled lizard (D:1)
  9 goblins
  A rat (D:1)
24 creatures vanquished.

Notes
Turn   | Place    | Note
-------+----------+-------------------------------------------
     0 | D:1      | inmateoo the Vampire Enchanter began the quest for the Orb.
     0 | D:1      | Reached XP level 1. HP: 13/13 MP: 3/3
  1167 | D:1      | Reached XP level 2. HP: 13/19 MP: 5/5
  1302 | D:1      | Learned a level 2 spell: Ensorcelled Hibernation
  1679 | D:2      | Reached skill level 5 in Hexes
  1696 | D:1      | Reached XP level 3. HP: 12/24 MP: 2/6
  1860 | D:1      | Reached skill level 5 in Stealth
  2013 | D:2      | Noticed Robin
  2377 | D:1      | HP: 1/24 [adder (4)]
  2378 | D:1      | Succumbed to an adder's poison

Skill      XL: |  1  2  3 |
---------------+----------+-----
Hexes          | 5 |  5.6
Stealth        | 5 |  5.1
Short Blades   | |  1.3
Dodging        | |  2.3
Spellcasting   | |  2.1

Action                   || total
-------------------------++-------
Melee: Dagger            ||   117
       Bite              ||     6
 Cast: Corona            ||     5
       Ensorcelled Hiber ||     5
  Use: Scroll            ||     2
       Potion            ||     3
 Stab: Sleeping          ||     3
  Eat: Corpse            ||     6
Armor: Robe              ||    16
Dodge: Dodged            ||    84
